AoeStats
← V

Arena

506077023Analyzed
1v1 RM · 21d ago on Sep 12, 2026· 52m 57s· 2 players
Game mode
Random Map
Map size
Tiny (2 player)
Population
200
Speed
Normal
Resources
Standard
Victory
Conquest
Starting age
Dark Age
Ending age
Imperial Age
RankedLock teamsTeams togetherTeam positionsShared explorationLock speedFull tech treeHidden civsTurbo modeCheats
Victory
Defeat
🇨🇦 Cumans · Canada
1027
+16
🇸🇪 Vikings · Sweden
1020
-16
V
10:42 Feudal Age
11:07 Horse Collar
11:22 Gold Mining
12:46 Double-Bit Axe
18:49 Castle Age
16:44 Loom
17:13 Scale Mail Armor
20:10 Bow Saw
20:54 Chain Mail Armor
21:28 Forging
22:41 Heavy Plow
23:37 Man-at-Arms
24:11 Gambesons
24:31 Squires
23:51 Pikeman
24:17 Arson
25:13 Crossbowman
27:13 Long Swordsman
31:41 Gold Shaft Mining
34:14 Iron Casting
39:32 Imperial Age
37:20 Stone Mining
41:00 Plate Mail Armor
41:31 Blast Furnace
40:48 Two-Handed Swordsman
40:54 Onager
44:19 Champion
Levi
7:45 Loom
9:47 Feudal Age
10:32 Double-Bit Axe
10:27 Horse Collar
16:49 Castle Age
16:50 Wheelbarrow
16:34 Town Watch
18:11 Stone Mining
18:16 Gold Mining
19:33 Heavy Plow
23:14 Bloodlines
25:07 Gold Shaft Mining
24:56 Bow Saw
26:32 Hand Cart
27:16 Fletching
32:04 Imperial Age
30:04 Devotion
29:27 Light Cavalry
30:11 Bodkin Arrow
30:17 Padded Archer Armor
30:23 Scale Barding Armor
30:53 Forging
30:08 Crossbowman
30:13 Elite Skirmisher
30:59 Thumb Ring
31:24 Ballistics
31:48 Town Patrol
33:52 Chemistry
32:48 Murder Holes
33:03 Masonry
33:32 Crop Rotation
34:04 Two-Man Saw
32:48 Cavalier
33:51 Conscription
33:34 Steppe Husbandry
34:29 Parthian Tactics
34:37 Chain Barding Armor
34:53 Iron Casting
34:35 Leather Archer Armor
35:18 Hoardings
34:24 Capped Ram
35:25 Heavy Cavalry Archer
36:58 Plate Barding Armor
36:00 Hussar
38:00 Blast Furnace
37:58 Ring Archer Armor
38:33 Elite Kipchak
39:14 Cuman Mercenaries
39:40 Paladin
41:44 Faith
Connection lost

Rejoining the realm…

Still unreachable

The connection could not be restored.

Session expired

The server has moved on; the page needs a fresh start.